 Dungeon Crawl Stone Soup version 0.30-a0-862-g1aabd4f9c5 (webtiles) character file.

Game seed: 6024095957978289182

11 demibob the Grave Robber (level 2, -1/23 HPs)
             Began as a Hill Orc Wanderer on Mar 9, 2023.
             Succumbed to a kobold's poison
             ... on level 1 of the Dungeon.
             The game lasted 00:01:10 (375 turns).

demibob the Grave Robber (Hill Orc Wanderer)         Turns: 375, Time: 00:01:10

Health: -1/23      AC:  2    Str: 11    XL:     2   Next: 25%
Magic:  4/4        EV: 11    Int: 13    God:
Gold:   36         SH:  0    Dex: 12    Spells: 3/4 levels left

rFire   . . .      SeeInvis .    a - +0 short sword
rCold   . . .      Faith    .    (no shield)
rNeg    . . .      Spirit   .    e - +0 robe
rPois   .          Reflect  .    (no helmet)
rElec   .          Rampage  .    (no cloak)
rCorr   .                        (no gloves)
Will    .....                    (no boots)
Stlth   ++                       (no amulet)
HPRegen 0.23/turn                (no ring)
MPRegen 0.09/turn                (no ring)

@: mighty, brilliant, lethally poisoned (-1 -> -22)
A: no striking features
a: no special abilities


You were on level 1 of the Dungeon.
You visited 1 branch of the dungeon, and saw 1 of its levels.

You collected 36 gold pieces.


   Skills:
 - Level 1.2 Fighting
 - Level 2.0 Short Blades
 + Level 0.9 Axes
 - Level 1.7 Throwing
 - Level 1.0 Stealth
 - Level 1.5 Spellcasting
 - Level 3.0 Necromancy


You had 3 spell levels left.
You knew the following spells:

 Your Spells              Type           Power      Damage    Failure   Level
X - Necrotise             Necr           52%        1d6       8%          1

Your spell library contained the following spells:

 Spells                   Type           Power      Damage    Failure   Level
 Animate Dead             Necr           13%        N/A       61%         4
 Anguish                  Hex/Necr       3%         N/A       82%         4

Inventory:

Hand Weapons
 a - a +0 short sword (weapon)
 c - a +0 dagger
 j - a +0 hand axe
Missiles
 b - 6 boomerangs (quivered)
Armour
 e - a +0 robe (worn)
Scrolls
 h - a scroll of blinking {unknown}
 i - a scroll of poison {unknown}
 k - a scroll of enchant armour {unknown}
Potions
 d - a potion of haste {@q3}
 f - a potion of brilliance

Dungeon Overview and Level Annotations

Branches:
Dungeon (1/15)

Altars:

#...#...# ##).....#.###########
#..#....# ###.......#.# #
..#.....###......##.#.# #
.#...#.........#......# #########
#..##......#.#...##...# #......#
.##......#.#.##.......# #.# #)#
#........#.##.#......## #.####.##
.######.....#.#..###.####..#.....
#.....†.........@# #...........#.
.##........##....K.##.#.P.P......
#..##.........^....##.#.P♣♣♣.....
.#...#...÷.##.#.##.##.#.P♣♣♣♣P...
..#.......###.#. .##......⚑.♣...
#..#....#.### #. .####...♣♣.♣...
#...#........ .. # #.....♣P...
.#.......#### .. #.P........
.........# ##.........


You could see a kobold.


Message History

The plant is lightly damaged.
A nearby plant withers and dies.
There is a faded altar of an unknown god here.
There is a faded altar of an unknown god here.
This altar belongs to (a) Cheibriados, (b) Trog or (c) Wu Jian, but you can't tell which.
Press the corresponding letter to learn more about a god, or press enter to convert or escape to cancel.
Okay, then.
A kobold comes into view. It is wielding a +2 dagger of venom.
The kobold shouts!
A kobold is nearby!
The kobold hits you with a +2 dagger of venom.
You are poisoned.
It was a potion of brilliance.
You feel clever all of a sudden.
You feel very sick.
The kobold hits you with a +2 dagger of venom.
You are lethally poisoned!
It was a potion of might.
You feel very mighty all of a sudden.
* * * LOW HITPOINT WARNING * * *
You feel very sick.
The kobold hits you with a +2 dagger of venom.
* * * LOW HITPOINT WARNING * * *
You are more poisoned.
Okay, then.
You closely miss the kobold. Your punch misses the kobold.
* * * LOW HITPOINT WARNING * * *
You feel very sick. The kobold closely misses you.
You hit the kobold but do no damage.
You die...

Skill      XL: |  1 |
---------------+----+-----
Short Blades   | 2 |  2.0
Fighting       | |  1.2
Axes           | |  0.9
Throwing       | |  1.7
Stealth        | |  1.0
Spellcasting   | |  1.5
Necromancy     | |  3.0

Action                     || total
---------------------------++-------
  Melee: Short sword       ||    47
    Use: Potion            ||     2
   Stab: Sleeping          ||     1
 Armour: Robe              ||     4
  Dodge: Dodged            ||    24

Levels and vault maps discovered:
D:1:      minmay_arrival_radiant_lines, layout_loops_cross,
          dreamdust_ecumenical_altar_grove, minmay_pentomino_s2

Notes
Turn   | Place    | Note
-------+----------+-------------------------------------------
     0 | D:1      | demibob the Hill Orc Wanderer began the quest for the Orb.
     0 | D:1      | demibob set off with the following items: a +0 short sword,
                  | 6 boomerangs, a +0 dagger, a potion of haste {@q3}, a +0
                  | robe; and the following spell memorised: Necrotise; and the
                  | following spells available to memorise: Animate Dead,
                  | Anguish.
     0 | D:1      | Reached XP level 1. HP: 16/16 MP: 3/3
   150 | D:1      | Reached skill level 2 in Short Blades
   150 | D:1      | Reached XP level 2. HP: 6/23 MP: 4/4
   273 | D:1      | Found a faded altar of an unknown god.
   375 | D:1      | Succumbed to a kobold's poison

Vanquished Creatures
  2 ball pythons (D:1)
  2 endoplasms (D:1)
  A goblin (D:1)
  A quokka (D:1)
  A bat (D:1)
  2 kobolds (D:1)
  A rat (D:1)
10 creatures vanquished.

Vanquished Creatures (others)
  3 plants (D:1)
3 creatures vanquished.

Grand Total: 13 creatures vanquished

Table legend: (Time is in decaauts)
 A = Elapsed time spent in this place.
 B = Non-inter-level travel time spent in this place.
 C = Inter-level travel time spent in this place.
 D = Time resting spent in this place.
 E = Time spent auto-exploring this place.
 F = Levels seen in this place.
 G = Mean time per level.
                   A        B        C        D        E       F      G
               +--------+--------+--------+--------+--------+-----+--------+
         Total |    370 |    370 |      0 |    140 |    103 |   1 |  370.0 |
       Dungeon |    370 |    370 |      0 |    140 |    103 |   1 |  370.0 |
               +--------+--------+--------+--------+--------+-----+--------+

Top non-repeatable levels by time:
     D:1: 370 daAuts

Table legend:
 A = Non-vault XP
 B = Vault XP
 C = Vault XP percentage of total XP
 D = Non-vault monster count
 E = Vault monster count
 F = Vault count percentage of total count
                 A         B        C        D         E       F
            +---------+---------+-------+---------+---------+-------
      Total |      14 |       2 |  12.5 |       9 |       1 |  10.0
            +---------+---------+-------+---------+---------+-------
        D:1 |      14 |       2 |  12.5 |       9 |       1 |  10.0
            +---------+---------+-------+---------+---------+-------
